 Dungeon Crawl Stone Soup version 0.29.1-12-g30fa7ad0bf (webtiles) character file.

Game seed: 4025195107956908443

4792 Rrauwl the Geomancer (level 10, 0/85 (87) HPs)
             Began as a Troll Earth Elementalist on Jan 8, 2023.
             Was a Believer of Sif Muna.
             Slain by a killer bee (10 damage)
             ... on level 8 of the Dungeon.
             The game lasted 00:41:37 (7366 turns).

Rrauwl the Geomancer (Troll Earth Elementalist)     Turns: 7366, Time: 00:41:38

HP:   0/85 (87)     AC:  5    Str: 18    XL:     10   Next: 24%
MP:   15/15         EV: 10    Int: 18    God:    Sif Muna [**....]
Gold: 305           SH:  0    Dex: 10    Spells: 3/13 levels left

rFire   . . .      SeeInvis .   y - +5 quarterstaff (chaos)
rCold   . . .      Faith    .   (shield currently unavailable)
rNeg    . . .      Spirit   .   a - +0 robe of Catatonia {+Blink Fly Int+3}
rPois   .          Reflect  .   (helmet restricted)
rElec   .          Harm     .   o - +0 cloak
rCorr   .          Rampage  .   (gloves unavailable)
Will    +....                   (boots unavailable)
Stlth   +.........              c - amulet of regeneration
HPRegen 1.84/turn               (no ring)
MPRegen 0.14/turn               (no ring)

@: lethally poisoned (0 -> -2), about to teleport, flying, lightly drained
A: large, unfitting armour, claws 3, regeneration 1, shaggy fur 1, tough skin 1,
horns 1, high MP 1, strong-willed 1
a: Renounce Religion, Evoke Blink, Channel Magic


You were on level 8 of the Dungeon.
You worshipped Sif Muna.
Sif Muna was pleased with you.
You visited 2 branches of the dungeon, and saw 10 of its levels.

You collected 305 gold pieces.

Inventory:

Hand Weapons
 h - a +0 giant club
 y - a +5 quarterstaff of chaos (weapon)
Missiles
 e - 13 boomerangs (quivered)
 i - 13 poisoned darts
 u - 5 silver javelins
Armour
 a - the +0 robe of Catatonia (worn) {+Blink Fly Int+3}
   (You found it on level 3 of the Dungeon)

   Int:       It affects your intelligence (+3).
   Fly:       It grants you flight.
   +Blink:    It lets you blink.
 k - a +2 robe of resistance
 o - a +0 cloak (worn)
Jewellery
 c - an amulet of regeneration (around neck)
 n - a ring of wizardry
Wands
 l - a wand of polymorph (4)
 r - a wand of light (8)
 x - a wand of digging (9)
Scrolls
 d - 2 scrolls of amnesia
 f - 4 scrolls of teleportation
 g - 6 scrolls of identify
 j - 4 scrolls of fog
 m - a scroll of blinking
 q - a scroll of immolation
 v - a scroll of silence
 w - 2 scrolls of magic mapping
Potions
 b - 4 potions of magic
 p - a potion of attraction


   Skills:
 - Level 2.0 Fighting
 + Level 6.1 Staves
 - Level 1.0 Throwing
 - Level 2.0 Armour
 - Level 3.0 Dodging
 - Level 1.0 Stealth
 - Level 2.0 Spellcasting
 - Level 1.0 Conjurations
 - Level 1.0 Transmutations
 - Level 8.0 Earth Magic
 - Level 7.0 Invocations
 - Level 2.0 Evocations


You had 3 spell levels left.
You knew the following spells:

 Your Spells              Type           Power      Damage    Failure   Level
a - Sandblast             Erth           60%        2d14      1%          1
b - Passwall              Tmut/Erth      15%        N/A       4%          2
c - Stone Arrow           Conj/Erth      36%        3d9       9%          3
d - Petrify               Tmut/Erth      18%        N/A       28%         4

Your spell library contained the following spells:

 Spells                   Type           Power      Damage    Failure   Level
 Animate Armour           Summ/Erth      32%        N/A       34%         4
 Blade Hands              Tmut           2%         N/A       97%         5
 Iron Shot                Conj/Erth      9%         9d3       99%         6
 Conjure Ball Lightning   Conj/Air       1%         3x3d6     100%        6
 Discord                  Hex            0%         N/A       100%        8
 Disjunction              Tloc           0%         N/A       100%        8


Dungeon Overview and Level Annotations

Branches:
Dungeon (9/15)             Temple (1/1) D:6            Lair (0/5) D:8
    Orc: D:9-12

Altars:
Ashenzari
Cheibriados
Dithmenos
Elyvilon
Gozag
Hepliaklqana
Kikubaaqudgha
Makhleb
Nemelex Xobeh
Okawaru
Qazlal
Ru
Sif Muna
Trog
Uskayaw
Vehumet
Wu Jian
Xom
Zin
The Shining One

Annotations:
D:6 exclusion: statue


Innate Abilities, Weirdness & Mutations

You are too large for most types of armour.
You have claws for hands.
Your natural rate of healing is unusually fast.
You are covered in fur. (AC +1)
You have tough skin. (AC +1)
You have a pair of small horns on your head.
You have an increased reservoir of magic. (+10% MP)
You are strong-willed. (Will+)


Message History

You kill the killer bee!
Sif Muna accepts your kill.
You feel sick. The killer bee barely misses you.
The killer bee stings you but does no damage.
You barely miss the killer bee. Your headbutt misses the killer bee.
You feel sick. The killer bee stings you! The killer bee stings you.
You miss the killer bee. Your headbutt misses the killer bee.
You feel sick. The killer bee barely misses you. The killer bee stings you.
* * * LOW HITPOINT WARNING * * *
You miss the killer bee.
You feel sick.
You are no longer poisoned.
The killer bee barely misses you. The killer bee stings you.
* * * LOW HITPOINT WARNING * * *
You are poisoned.
The killer bee poisons you!
You feel better. The killer bee barely misses you. The killer bee stings you.
You are poisoned.
The killer bee poisons you!
You closely miss the killer bee. Your headbutt misses the killer bee.
You feel very sick. The killer bee stings you.
* * * LOW HITPOINT WARNING * * *
The killer bee stings you.
* * * LOW HITPOINT WARNING * * *
You closely miss the killer bee.
You feel sick.
The killer bee stings you but does no damage.
The killer bee barely misses you.
You sock the killer bee!
The killer bee seems to grow stronger.
The killer bee is heavily wounded.
You feel sick. The killer bee stings you!
* * * LOW HITPOINT WARNING * * *
You are more poisoned.
The killer bee poisons you! The killer bee barely misses you.
Okay, then.
Okay, then.
As you read the scroll of teleportation, it crumbles to dust.
You feel strangely unstable.
You feel very sick. The killer bee misses you. The killer bee stings you!
You die...

##.## #.# ####...## #.#
#########.# #...# #.# #.........#
#...# ##'###.######).## ###.#
##...##..........# #.#
##.....#[.#.......# #.## #
##.......[>#.##....# #.#.
####........[.#†#...##########...
>..+...........y@...........)....
####..........###...##########...
# ##.......#.###...# #.#. ##
##.....##.......# #.## .#
##...#######.### #.# .# ##'## #.#
#.## .# ##.########.# #...
.######...........# ####
...........########


You could see a killer bee (strong).

Vanquished Creatures
  Pikel (D:6)
  Grinder (D:3)
  Prince Ribbit (D:6)
  Sigmund (D:2)
  A hog (D:8)
  A yak (D:8)
  2 steam dragons (D:8)
  Edmund (D:6)
  An acid dragon (D:7)
  A water moccasin (D:5)
  A floating eye (shapeshifter) (D:7)
  2 black bears
  3 orc warriors (D:8)
  2 sky beasts
  2 ogres (D:5)
  A lemure (D:6)
  A phantom (D:5)
  Blork the orc (D:6)
  4 bullfrogs
  2 necrophages
  3 scorpions
  5 wights
  4 killer bees
  5 orc priests
  3 hounds (D:6)
  Crazy Yiuf (D:6)
  A gnoll bouda (D:6)
  4 iguanas
  Jessica (D:3)
  7 orc wizards
  8 adders
  5 gnolls
  A shadow imp (D:7)
  5 white imps
  An ufetubus (D:5)
  A worm (D:4)
  3 dart slugs
  25 orcs
  9 endoplasms
  5 giant cockroaches
  2 goblins
  5 hobgoblins
  4 jackals (D:4)
  4 quokkas
  9 ball pythons
  4 bats
  5 frilled lizards
  8 kobolds
  8 rats
176 creatures vanquished.

Vanquished Creatures (others)
  32 plants (D:9)
32 creatures vanquished.

Grand Total: 208 creatures vanquished

Notes
Turn   | Place    | Note
-------+----------+-------------------------------------------
     0 | D:1      | Rrauwl the Troll Earth Elementalist began the quest for the
                  | Orb.
     0 | D:1      | Reached XP level 1. HP: 16/16 MP: 1/1
   120 | D:1      | Reached XP level 2. HP: 24/24 MP: 3/3
   205 | D:1      | Reached skill level 1 in Transmutations
   249 | D:1      | Reached skill level 3 in Earth Magic
   514 | D:1      | Reached XP level 3. HP: 31/31 MP: 4/4
   532 | D:1      | Found a faded altar of an unknown god.
   843 | D:2      | Reached XP level 4. HP: 29/39 MP: 6/6
   974 | D:2      | Noticed Sigmund
  1001 | D:2      | Killed Sigmund
  1002 | D:2      | Reached skill level 5 in Earth Magic
  1002 | D:2      | Reached XP level 5. HP: 46/46 MP: 4/7
  1045 | D:2      | Reached skill level 1 in Fighting
  1057 | D:2      | Identified the +4 spear "Godda" {drain, rElec Str-5 Int+7}
  1224 | D:3      | Found a snail-covered altar of Cheibriados.
  1227 | D:3      | Noticed Grinder
  1228 | D:3      | Noticed Jessica
  1242 | D:3      | Killed Jessica
  1253 | D:3      | Paralysed by Grinder for 5 turns
  1273 | D:3      | Paralysed by Grinder for 4 turns
  1277 | D:3      | Gained mutation: You have a pair of small horns on your
                  | head. [potion of mutation]
  1277 | D:3      | Gained mutation: You are strong-willed. (Will+) [potion of
                  | mutation]
  1277 | D:3      | Gained mutation: You have an increased reservoir of magic.
                  | (+10% MP) [potion of mutation]
  1280 | D:3      | Killed Grinder
  1281 | D:3      | Reached XP level 6. HP: 42/57 MP: 8/8
  1469 | D:3      | Identified the +0 robe of Catatonia {+Blink Fly Int+3}
  1955 | D:3      | Found an opulent altar of Gozag.
  2184 | D:4      | Found a shimmering blue altar of Sif Muna.
  2184 | D:4      | Found a bloodstained altar of Trog.
  2185 | D:4      | Found a sacrificial altar of Ru.
  2200 | D:4      | Became a worshipper of Sif Muna the Loreminder
  2282 | D:4      | Reached XP level 7. HP: 50/65 MP: 10/10
  2446 | D:4      | Reached skill level 1 in Evocations
  2494 | D:4      | Learned a level 2 spell: Passwall
  2498 | D:4      | Learned a level 3 spell: Stone Arrow
  2503 | D:4      | Learned a level 4 spell: Petrify
  2730 | D:4      | You are sucked into a shaft and drop 1 floor!
  2730 | D:5      | Entered Level 5 of the Dungeon
  3045 | D:5      | Reached skill level 6 in Earth Magic
  3130 | D:5      | Reached skill level 1 in Conjurations
  3130 | D:5      | Reached skill level 1 in Invocations
  3162 | D:5      | Reached * piety under Sif Muna
  3414 | D:5      | Reached skill level 1 in Throwing
  3414 | D:5      | Reached XP level 8. HP: 41/72 MP: 11/11
  4256 | D:6      | Noticed Prince Ribbit
  4372 | D:6      | Noticed Blork the orc
  4380 | D:6      | Noticed Edmund
  4537 | D:6      | Reached skill level 7 in Earth Magic
  4548 | D:6      | Noticed Pikel
  4584 | D:6      | Killed Pikel
  4585 | D:6      | Reached XP level 9. HP: 62/79 MP: 11/13
  4713 | D:6      | Killed Prince Ribbit
  4740 | D:6      | Killed Blork the orc
  5121 | D:7      | Found a glowing silver altar of Zin.
  5359 | D:6      | Found a radiant altar of Vehumet.
  5412 | D:6      | Reached ** piety under Sif Muna
  5442 | D:6      | Killed Edmund
  5552 | D:6      | Found a runed translucent door.
  5553 | D:6      | Noticed Crazy Yiuf
  5567 | D:6      | Killed Crazy Yiuf
  5608 | D:6      | Reached skill level 8 in Earth Magic
  5636 | D:6      | Found a staircase to the Ecumenical Temple.
  5651 | Temple   | Entered the Ecumenical Temple
  5843 | D:6      | Found a glowing golden altar of the Shining One.
  5977 | D:7      | Reached skill level 1 in Staves
  6169 | D:7      | Noticed a glowing shapeshifter
  6169 | D:7      | an orc priest changed into a glowing shapeshifter
  6169 | D:7      | Noticed a manticore
  6169 | D:7      | a glowing shapeshifter changed into a manticore
  6172 | D:7      | Noticed an eye of devastation
  6172 | D:7      | a manticore changed into an eye of devastation
  6173 | D:7      | an eye of devastation changed into a floating eye
  6175 | D:7      | Paralysed by a floating eye for 3 turns
  6493 | D:8      | Found a staircase to the Lair.
  6727 | D:8      | Reached XP level 10. HP: 59/87 MP: 15/15
  6968 | D:8      | Reached skill level 5 in Staves
  7010 | D:8      | Found a shadowy altar of Dithmenos.
  7366 | D:8      | Slain by a killer bee

Illustrated notes

Levels and vault maps discovered:
D:1:      minmay_arrival_nine_rooms, layout_rooms,
          hellmonk_ecumenical_altar_defaced_shrine, dreamdust_mushroom_princess,
          minmay_indecisive_spiral
D:2:      layout_basic, uniq_sigmund
D:3:      layout_basic, mainiacjoe_overflow_catwalk_spiral, serial_curves,
          eino_curves_01, eino_curves_01, eino_curves_01, uniq_jessica,
          uniq_grinder
D:4:      layout_basic, chequers_temple_overflow_statue_of_worship,
          minmay_pentangle
D:5:      kennysheep_spiral_hall, layout_gridville
D:6:      layout_rooms, vehumet_statue, tso_oasis_becter,
          minmay_temple_entry_antechambers, uniq_crazy_yiuf_cottage,
          uniq_edmund, uniq_blork_the_orc, uniq_pikel, uniq_prince_ribbit1
D:7:      layout_loops_ring, mainiacjoe_overflow_surrounded_room
D:8:      layout_loops_corners, grunt_dithmenos_smoke_and_mirrors,
          lair_entry_dummy
D:9:      kennysheep_town, serial_shops
Temple:   nicolae_temple_ecumenical_triangle

Skill      XL: |  1  2  3  4  5  6  7  8  9 10 |
---------------+-------------------------------+-----
Transmutations | 1 |  1.0
Earth Magic    | 3 5 6 7 8 |  8.0
Dodging        | 2 3 |  3.0
Spellcasting   | 2 |  2.0
Fighting       | 2 |  2.0
Armour         | 2 |  2.0
Evocations     | 2 |  2.0
Conjurations   | 1 |  1.0
Invocations    | 3 6 7 |  7.0
Throwing       | 1 |  1.0
Staves         | 4 6 |  6.1
Stealth        | |  1.0

Action                   |  1- 3 |  4- 6 |  7- 9 | 10-12 || total
-------------------------+-------+-------+-------+-------++-------
Melee: Unarmed           |    40 |       |       |       ||    40
       Punch             |     1 |       |     2 |       ||     3
       Whip              |    38 |    62 |       |       ||   100
       Dagger            |       |    46 |   367 |       ||   413
       Headbutt          |       |    10 |    66 |     9 ||    85
       Quarterstaff      |       |       |    82 |    53 ||   135
Throw: Large rock        |       |     2 |     6 |       ||     8
       Boomerang         |       |     2 |    32 |       ||    34
       Dart              |       |       |     2 |       ||     2
 Cast: Sandblast         |       |     2 |     9 |       ||    11
       Stone Arrow       |       |       |    11 |     2 ||    13
 Abil: Evoke Blink       |       |       |     1 |       ||     1
  Use: Scroll            |     3 |     3 |    14 |     2 ||    22
       Potion            |     2 |     1 |     7 |     2 ||    12
 Stab: Sleeping          |     1 |       |     1 |       ||     2
Armor: Robe              |    34 |    20 |    98 |    16 ||   168
Dodge: Dodged            |    43 |    51 |   227 |    49 ||   370
